[Event "*** SCC Grand Prix: Titled Tuesday Blitz"]
[Site "Chess.com"]
[Date "2020.07.07"]
[Round "3"]
[White "Synctel"]
[Black "CyberdelChess"]
[Result "0-1"]
[WhiteElo "1915"]
[BlackElo "2256"]
[TimeControl "180+1"]
[EndTime "10:28:14 PDT"]
[Termination "CyberdelChess won on time"]

1. d4 d5 2. Nf3 Nf6 3. Bf4 c5 4. c3 Nc6 5. Nbd2 cxd4 6. cxd4 Qb6 7. Nb3 Bf5 8. e3 e6 9. Bd3 Bb4+ 10. Ke2 Bg4 11.
h3 Bh5 12. g4 Bg6 13. Kf1 Be7 14.
Ne5 Nxe5 15. Bxe5 Rc8 16. Kg2 O-O 17. Qe2 Ne4 18. Rac1 Bh4 19. Bxe4 Bxe4+ 20. f3 Bg6 21. Nc5 Rfd8 22. Nd7 Qa5 23. Nc5 Qxa2 24. Nxb7 Rf8 25.
Nd6 Rb8 0-1

[Event "*** SCC Grand Prix: Titled Tuesday Blitz"]
[Site "Chess.com"]
[Date "2020.07.07"]
[Round "3"]
[White "Artur0208"]
[Black "Jbd735"]
[Result "1/2-1/2"]
[WhiteElo "2772"]
[BlackElo "2447"]
[TimeControl "180+1"]
[EndTime "10:28:15 PDT"]
[Termination "Game drawn by repetition"]

1. Nf3 d5 2. d4 Nf6 3. c4 c6 4. Nc3 e6 5. Bg5 dxc4 6. e4 b5 7. e5 h6 8. Bh4 g5 9. Nxg5 hxg5 10. Bxg5 Nbd7 11. exf6 Bb7 12. Be2 Qb6 13. Bf3 O-O-O 14. a4 Ne5 15. a5 Qxd4 16. Qxd4 Nxf3+ 17. gxf3 Rxd4 18. a6 Ba8 19. Be3 Rd7 20. Rd1 Rxd1+ 21.
Kxd1 c5 22. Ke2 Bc6 23. h4 Kc7 24. h5 Kb6 25. h6 b4 26. Ne4 Bxe4 27. fxe4 Kxa6 28.
Rg1 Bxh6 29. Rh1 Bxe3 30. Rxh8 Bd4 31. Rf8 Bxf6 32. Rxf7 Bxb2 33. Re7 b3 34. Rxe6+ Kb5 35. Re7 a5 36. f4 Bd4 37. e5 a4 38. e6 b2 39. Rb7+ Kc6 40. Rb8 Kd6 41. Rb6+ Ke7 42. f5 a3 43. Rb7+ Kd8 44. Rb8+ Ke7 45. Rb7+ Kd8 46. Rb8+ Ke7 47. Rb7+ 1/2-1/2

[Event "*** SCC Grand Prix: Titled Tuesday Blitz"]
[Site "Chess.com"]
[Date "2020.07.07"]
[Round "3"]
[White "MFBerna"]
[Black "Harry_Rakkel"]
[Result "1/2-1/2"]
[WhiteElo "2388"]
[BlackElo "2567"]
[TimeControl "180+1"]
[EndTime "10:28:15 PDT"]
[Termination "Game drawn by repetition"]

1. e4 c5 2. Nf3 d6 3. d4 cxd4 4. Nxd4 Nf6 5. Nc3 a6 6. Be2 e5 7. Nb3 Be7 8. O-O O-O 9. f4 b5 10. a4 Bb7 11. axb5 axb5 12. Rxa8 Bxa8 13. fxe5 dxe5 14.
Qxd8 Rxd8 15. Bg5 b4 16. Bxf6 Bxf6 17. Na2 Be7 18. Bc4 Rf8 19. Nd2 Nd7 20. c3 Nf6 21. Nxb4 Bxb4 22. cxb4 Nxe4 23. Nxe4 Bxe4 24. Re1 Ba8 25.
Rxe5 g6 26. Re7 Kg7 27. b5 Rd8 28. Rxf7+ Kh6 29. b6 Rb8 30. Rf6 Rd8 31. Rf7 Rb8 32.
Rf6 Rd8 33. Rf7 1/2-1/2

[Event "*** SCC Grand Prix: Titled Tuesday Blitz"]
[Site "Chess.com"]
[Date "2020.07.07"]
[Round "3"]
[White "kimstevenyap"]
[Black "BabyBoss31"]
[Result "1-0"]
[WhiteElo "2490"]
[BlackElo "2213"]
[TimeControl "180+1"]
[EndTime "10:28:16 PDT"]
[Termination "kimstevenyap won by resignation"]

1. e4 e6 2. d4 d5 3. e5 c5 4. c3 Qb6 5. a3 Nc6 6. Nf3 c4 7. Nbd2 Bd7 8. b4 a5 9. Bb2 f6 10. Be2 fxe5 11. Nxe5 Nxe5 12. dxe5 Nh6 13. O-O g6 14. Rb1 Bg7 15. Bxc4 dxc4 16. Nxc4 Qc7 17. Nd6+ Ke7 18. c4 Nf7 19. Re1 Nxe5 20. c5 Qc6 21. Rxe5 Bxe5 22. Bxe5 Rhg8 23. Qd4 Raf8 24. Qh4+ g5 25. Qxh7+ Kd8 26. Rd1 axb4 27. axb4 b6 28.
b5 Qxc5 29. Nb7+ 1-0

[Event "*** SCC Grand Prix: Titled Tuesday Blitz"]
[Site "Chess.com"]
[Date "2020.07.07"]
[Round "3"]
[White "grandcoach"]
[Black "IMKarimIsmael"]
[Result "0-1"]
[WhiteElo "2103"]
[BlackElo "2406"]
[TimeControl "180+1"]
[EndTime "10:28:16 PDT"]
[Termination "IMKarimIsmael won on time"]

1. e4 e5 2. Nf3 Nf6 3. Nxe5 Nxe4 4. Qe2 Qe7 5. Qxe4 d6 6. d4 dxe5 7. Qxe5 Qxe5+ 8. dxe5 Nc6 9. Bb5 Bd7 10. Bxc6 Bxc6 11.
f3 O-O-O 12. Kf2 Bc5+ 13. Be3 Bxe3+ 14. Kxe3 Rhe8 15. f4 f6 16. Nc3 fxe5 17. f5 Bxg2 18. Rhg1 Bh3 19. Rxg7 Bxf5 20. Rf1 Bg6 21. Nb5 Rd7 22.
Nxa7+ Kd8 23. Rxd7+ Kxd7 24. Rd1+ Ke7 25. Nb5 c6 26. Na3 b5 27. c3 Rf8 28. Nb1 Bh5 29. Rg1 Rf3+ 30. Ke4 Rf2 31. Kxe5 Bg6 32. Kd4 Rxb2 0-1

[Event "*** SCC Grand Prix: Titled Tuesday Blitz"]
[Site "Chess.com"]
[Date "2020.07.07"]
[Round "3"]
[White "KaterynaLagno"]
[Black "Vesper2018"]
[Result "1/2-1/2"]
[WhiteElo "2766"]
[BlackElo "2552"]
[TimeControl "180+1"]
[EndTime "10:28:17 PDT"]
[Termination "Game drawn by agreement"]

1. e4 c5 2. Nf3 d6 3. Bb5+ Bd7 4.
Bxd7+ Qxd7 5. c4 Nf6 6. Nc3 Nc6 7. d4 cxd4 8. Nxd4 g6 9. f3 Bg7 10. Be3 O-O 11. Rc1 Rac8 12. b3 e6 13. O-O Rfd8 14.
Bf2 d5 15. exd5 exd5 16. cxd5 Nxd5 17. Nxd5 Qxd5 18. Nxc6 bxc6 19. Qxd5 Rxd5 20. Bxa7 Ra5 21. Be3 Rxa2 22. Rfd1 Rb2 23. Rxc6 Re8 24. Rd3 h5 25. Kf1 Rb8 26. Rc1 R2xb3 27. Rxb3 Rxb3 28. Bf4 1/2-1/2

[Event "*** SCC Grand Prix: Titled Tuesday Blitz"]
[Site "Chess.com"]
[Date "2020.07.07"]
[Round "3"]
[White "Quiet_Desperation"]
[Black "N00bM3ster"]
[Result "0-1"]
[WhiteElo "2207"]
[BlackElo "2599"]
[TimeControl "180+1"]
[EndTime "10:28:18 PDT"]
[Termination "N00bM3ster won by resignation"]

1. d4 Nf6 2. Nf3 e6 3. Nc3 Bb4 4. Bg5 d5 5. Qd3 h6 6. Bh4 Nc6 7. a3 Ba5 8. b4 Bb6 9. Na4 Ne7 10. Ne5 Nf5 11. Nxb6 axb6 12. Bg3 c5 13. dxc5 bxc5 14. Qb5+ Bd7 15. Nxd7 Qxd7 16. e3 c4 17. Qxd7+ Kxd7 18. Be5 Ke7 19. Be2 Nd7 20. Bc3 f6 21. g3 Nd6 22. a4 Ra6 23. f3 Rha8 24. a5 b6 25. O-O Nb5 26. Bd2 bxa5 27. bxa5 Nc5 28. Rfb1 Nd6 29. Bb4 Nd7 30. e4 Kd8 31. exd5 exd5 32.
Rd1 Rb8 33. Bxd6 Rxd6 34. Bxc4 d4 35. c3 Ne5 0-1

[Event "*** SCC Grand Prix: Titled Tuesday Blitz"]
[Site "Chess.com"]
[Date "2020.07.07"]
[Round "3"]
[White "marabu44"]
[Black "gagtemp"]
[Result "1-0"]
[WhiteElo "2246"]
[BlackElo "1878"]
[TimeControl "180+1"]
[EndTime "10:28:19 PDT"]
[Termination "marabu44 won by resignation"]

1. Nf3 d5 2. d4 e6 3. c4 c5 4. Nc3 Nc6 5. cxd5 exd5 6. e3 Nf6 7. a3 Be7 8. dxc5 Bxc5 9. b4 Bb6 10. Bb2 a6 11. Be2 O-O 12. O-O Bg4 13. Na4 Ba7 14.
Bxf6 Qxf6 15. Qxd5 Rad8 16. Qb3 Rfe8 17. Rad1 Rc8 18.
Rfe1 Bb8 19. Nd4 Be6 20. Nxe6 Rxe6 21. Nc5 Qh6 22. g3 Rg6 23. Rd5 Rg5 24. Red1 Re8 25. Ne4 Rxd5 26. Qxd5 Qg6 27. Nc5 h6 28. Qd7 Rd8 29. Qxb7 Rxd1+ 30. Bxd1 Qb1 31. Qxc6 Qxd1+ 32. Kg2 Be5 33. Qe8+ Kh7 34. Qxe5 1-0

[Event "*** SCC Grand Prix: Titled Tuesday Blitz"]
[Site "Chess.com"]
[Date "2020.07.07"]
[Round "3"]
[White "VishnuPrasanna"]
[Black "FedaMaster"]
[Result "1-0"]
[WhiteElo "2741"]
[BlackElo "2431"]
[TimeControl "180+1"]
[EndTime "10:28:20 PDT"]
[Termination "VishnuPrasanna won by resignation"]

1. d4 Nf6 2. c4 g6 3. Nc3 d5 4. cxd5 Nxd5 5. e4 Nxc3 6. bxc3 Bg7 7. Bc4 c5 8. Ne2 O-O 9. O-O Nc6 10. Be3 b6 11. Rc1 Bb7 12. h4 cxd4 13. cxd4 Rc8 14. h5 Na5 15. Bd3 Qd6 16. Qd2 Rfd8 17. hxg6 hxg6 18.
Rfd1 Qa3 19. f3 e6 20. Kf2 Rxc1 21. Rxc1 Rc8 22. Rxc8+ Bxc8 23. Qc2 Bb7 24. e5 Qe7 25. Ng3 Nc6 26. Qd2 Qb4 27. Be4 Qxd2+ 28. Bxd2 f5 29. exf6 Bxf6 30. Ne2 Kf7 31. d5 exd5 32. Bxd5+ Kg7 33.
Nf4 Nd8 34. Bc4 Bd4+ 35. Ke2 Be5 36. g4 g5 37. Nh3 Ne6 38. Bxe6 Kf6 39. Bc4 1-0

[Event "*** SCC Grand Prix: Titled Tuesday Blitz"]
[Site "Chess.com"]
[Date "2020.07.07"]
[Round "3"]
[White "enzovsky"]
[Black "vitnik2020"]
[Result "1-0"]
[WhiteElo "2456"]
[BlackElo "2278"]
[TimeControl "180+1"]
[EndTime "10:28:20 PDT"]
[Termination "enzovsky won on time"]

1. e4 e5 2. Nf3 Nc6 3. d4 exd4 4.
Nxd4 Bb4+ 5. c3 Bc5 6. Nxc6 bxc6 7. Bd3 Ne7 8. O-O a5 9. Nd2 O-O 10. Nf3 d5 11. exd5 cxd5 12. Re1 Bf5 13. Bg5 Bxd3 14.
Qxd3 f6 15. Bf4 Ng6 16. Bg3 c6 17. h3 Qb6 18. Re2 f5 19. Ne5 f4 20. Nxg6 hxg6 21. Bh4 Qa6 22. Qxa6 Rxa6 23. Be7 Bxe7 24. Rxe7 Rb6 25.
b3 a4 26. b4 Rf7 27. Rae1 d4 28. Rxf7 Kxf7 29. cxd4 Rxb4 30. Re4 g5 31. h4 c5 32. hxg5 Rxd4 33. Re5 c4 34. Rf5+ Kg6 35. Rc5 a3 36.
Kh2 Rd2 37. f3 1-0

[Event "*** SCC Grand Prix: Titled Tuesday Blitz"]
[Site "Chess.com"]
[Date "2020.07.07"]
[Round "3"]
[White "GukeshDommaraju"]
[Black "plumalka"]
[Result "1-0"]
[WhiteElo "2716"]
[BlackElo "2407"]
[TimeControl "180+1"]
[EndTime "10:28:21 PDT"]
[Termination "GukeshDommaraju won by resignation"]

1. d4 Nf6 2. c4 c5 3. d5 b5 4. cxb5 a6 5. bxa6 Bxa6 6. Nc3 d6 7. g3 g6 8. Bg2 Bg7 9. Nf3 O-O 10. O-O Nbd7 11.
Re1 Qa5 12. Bd2 Ng4 13. h3 Nge5 14. Nxe5 Nxe5 15. b3 Qa3 16. Nb1 Qb2 17. Bc3 Nf3+ 18. exf3 Bxc3 19. Nxc3 Qxc3 20. Rxe7 Qf6 21. Re3 Rfc8 22.
f4 Bb5 23. a4 Bd7 24. Ra2 Rcb8 25. Kh2 Rb4 26. Qe2 h5 27. h4 Bg4 28. Qd2 Rd4 29. Qc3 Qd8 30. Ra1 Rb8 31. Rae1 Kh7 32. Re7 Qf8 33.
a5 Rdb4 34. Qf6 Kg8 35. Qxd6 Rxb3 36. Qxc5 Rc8 37. Qd4 Ra3 38. d6 Rd8 39. Bd5 Be6 40. R1xe6 fxe6 41. Bxe6+ 1-0

[Event "*** SCC Grand Prix: Titled Tuesday Blitz"]
[Site "Chess.com"]
[Date "2020.07.07"]
[Round "3"]
[White "Parhamov"]
[Black "Barmen_EV"]
[Result "1-0"]
[WhiteElo "3033"]
[BlackElo "2459"]
[TimeControl "180+1"]
[EndTime "10:28:21 PDT"]
[Termination "Parhamov won by checkmate"]

1. e4 c5 2. Nf3 Nc6 3. Bb5 e6 4. O-O Nge7 5. d4 cxd4 6. Nxd4 Ng6 7. Be2 Bc5 8. Nb3 Be7 9. c4 O-O 10. Nc3 f5 11. exf5 Rxf5 12. Be3 Bg5 13. Bd3 Rf8 14. Qh5 Bxe3 15. fxe3 Nce5 16. Rxf8+ Qxf8 17. Rf1 Qe7 18. Bxg6 Nxg6 19. Ne4 Nf8 20. Ng5 h6 21. Nf7 d5 22.
Nd4 Bd7 23. Qg4 Kh7 24. Nf3 e5 25. Qh5 Be8 26. N3xe5 dxc4 27. g4 Rd8 28. Qf5+ g6 29.
Qf4 g5 30. Qf5+ Kg7 31. Nxd8 Bg6 32. Qxf8+ Qxf8 33. Ne6+ Kh7 34. Nxf8+ Kg7 35. Nfxg6 c3 36. Rf7+ Kg8 37. Ne7+ Kh8 38. N5g6# 1-0

[Event "*** SCC Grand Prix: Titled Tuesday Blitz"]
[Site "Chess.com"]
[Date "2020.07.07"]
[Round "3"]
[White "ajdemipopushi"]
[Black "Gennady_Kozlov"]
[Result "0-1"]
[WhiteElo "2340"]
[BlackElo "2532"]
[TimeControl "180+1"]
[EndTime "10:28:22 PDT"]
[Termination "Gennady_Kozlov won by resignation"]

1. Nf3 d5 2. g3 Nf6 3. c4 c6 4. Bg2 Bf5 5. cxd5 cxd5 6. Qb3 Qb6 7. Nc3 e6 8. O-O Bd6 9. d3 O-O 10. Be3 Qxb3 11. axb3 a6 12. Nd4 Bg6 13. Ndb5 Rd8 14. Nxd6 Rxd6 15. b4 Nbd7 16. Bf4 e5 17. Bd2 Rc8 18.
Rfc1 Kf8 19. b5 axb5 20. Nxb5 Rxc1+ 21. Rxc1 Rc6 22. Bb4+ Kg8 23. Ra1 h5 24. Nc3 Rb6 25. Ba3 d4 26. Nd5 Nxd5 27. Bxd5 Nf6 28. Bc4 e4 29. b3 exd3 30. exd3 Nd7 31. b4 Ne5 32. b5 Bxd3 33. Bc5 Nxc4 34. Ra8+ Kh7 35. Bxb6 Nxb6 36. Rd8 Bxb5 37. Rxd4 Bc6 38. f4 Nd5 39. h3 Kg6 40.
g4 hxg4 41. hxg4 b5 42. Kf2 b4 43. Rc4 Bd7 44. Kg3 b3 45. f5+ Kg5 46. Rc1 Ba4 47. Rh1 Nc3 48. Rh5+ Kf6 49. Kf4 b2 50. g5+ Ke7 51. Rh1 0-1

[Event "*** SCC Grand Prix: Titled Tuesday Blitz"]
[Site "Chess.com"]
[Date "2020.07.07"]
[Round "3"]
[White "KingCrusher275"]
[Black "NowInChess"]
[Result "1-0"]
[WhiteElo "2434"]
[BlackElo "2161"]
[TimeControl "180+1"]
[EndTime "10:28:22 PDT"]
[Termination "KingCrusher275 won on time"]

1. d4 e6 2. c4 Nf6 3. Nc3 Bb4 4. Qc2 Nc6 5. Nf3 d6 6. e4 e5 7. d5 Bxc3+ 8. bxc3 Nb8 9. Bd3 Nbd7 10. Ba3 Qe7 11. O-O O-O 12. Nd2 Nh5 13. Nb3 Nf4 14. Rfd1 b6 15. Bf1 Nf6 16. f3 N6h5 17. Nc1 f5 18.
Nd3 fxe4 19. fxe4 Bg4 20. Re1 Rf6 21. c5 dxc5 22. c4 Raf8 23. Bb2 Nxd3 24. Bxd3 Rf2 25. Qxf2 Rxf2 26. Kxf2 Nf4 27. Bf1 Qh4+ 28. Kg1 h5 29.
Bxe5 Ng6 30. Bxc7 Qe7 31. d6 Qe5 32. Rad1 Bd7 33. Bb8 Nf4 34. Bxa7 1-0

[Event "*** SCC Grand Prix: Titled Tuesday Blitz"]
[Site "Chess.com"]
[Date "2020.07.07"]
[Round "3"]
[White "AlanTate"]
[Black "MasterKroket"]
[Result "0-1"]
[WhiteElo "2148"]
[BlackElo "2395"]
[TimeControl "180+1"]
[EndTime "10:28:22 PDT"]
[Termination "MasterKroket won on time"]

1. d4 Nf6 2. c4 e6 3. Nf3 b6 4. g3 Bb7 5. Bg2 Be7 6. O-O O-O 7. d5 exd5 8. Nh4 c6 9. cxd5 Nxd5 10. Nf5 Nc7 11. e4 d5 12. Nc3 Bf6 13. exd5 Nxd5 14. Nxd5 cxd5 15. Ne3 Na6 16. Nxd5 Nc5 17. Rb1 Bxd5 18.
Bxd5 Rc8 19. b4 Ne6 20. Bxe6 fxe6 21. Qxd8 Rfxd8 22. Be3 Rc2 23. a4 Rd3 24. a5 Bd4 25. Bxd4 Rxd4 26. Rfd1 e5 27. Rdc1 Rxc1+ 28. Rxc1 Rxb4 29.
Rc8+ Kf7 30. Rc7+ Kf6 31. Rxa7 Rb1+ 32. Kg2 b5 33. Rb7 b4 34. a6 Ra1 35. a7 g5 36.
h3 h5 37. Rb6+ Kf5 38. Rxb4 Rxa7 39. g4+ hxg4 40. hxg4+ Ke6 41. f3 Rd7 42. Kg3 Rd6 43. Ra4 Rb6 44. Rc4 Kd5 45. Ra4 Kc5 46. Re4 Kd5 47.
Ra4 Rb1 48. Ra5+ Kd4 49. Ra6 Ke3 50. Ra3+ Kd2 51. Ra5 Re1 0-1

[Event "*** SCC Grand Prix: Titled Tuesday Blitz"]
[Site "Chess.com"]
[Date "2020.07.07"]
[Round "3"]
[White "stefan_95"]
[Black "Atanejhad"]
[Result "1-0"]
[WhiteElo "2585"]
[BlackElo "2385"]
[TimeControl "180+1"]
[EndTime "10:28:23 PDT"]
[Termination "stefan_95 won on time"]

1. d4 Nf6 2. Nf3 e6 3. e3 b6 4.
Bd3 Be7 5. O-O Ba6 6. c4 O-O 7. Nc3 d5 8. b3 c5 9. Bb2 dxc4 10. bxc4 cxd4 11. exd4 Nc6 12. Rc1 Na5 13. Qe2 Rc8 14.
Nb5 Qd7 15. Ne5 Qb7 16. Ng4 Rfd8 17. d5 Nxg4 18. Qxg4 Bf8 19. Qe4 f5 20. Qxe6+ Qf7 21. Bxf5 Qxe6 22. Bxe6+ Kh8 23. Bxc8 Rxc8 24. Nxa7 Rxc4 25.
Rfe1 Kg8 26. Nc6 Rxc1 27. Rxc1 Nc4 28. Bd4 Ba3 29. Rc3 b5 30. Ne5 Nd6 31. Rxa3 1-0

[Event "*** SCC Grand Prix: Titled Tuesday Blitz"]
[Site "Chess.com"]
[Date "2020.07.07"]
[Round "3"]
[White "TigrVShlyape"]
[Black "nocnypako"]
[Result "1-0"]
[WhiteElo "2894"]
[BlackElo "2582"]
[TimeControl "180+1"]
[EndTime "10:28:24 PDT"]
[Termination "TigrVShlyape won by resignation"]

1. d4 Nf6 2. Nf3 g6 3. c3 Bg7 4.
Bf4 O-O 5. e3 d5 6. Be2 c5 7.
Nbd2 b6 8. O-O Bb7 9. a4 Nc6 10.
h3 Ne4 11. Qb3 Nxd2 12. Nxd2 e5 13. dxe5 Nxe5 14. Bxe5 Bxe5 15. Bf3 c4 16. Qc2 Qc7 17. Rfd1 Rad8 18. Be2 f5 19. Nf3 f4 20. Nxe5 Qxe5 21. exf4 Rxf4 22. Bf1 Kg7 23. Re1 Qf6 24.
Rad1 Rf8 25. Rd2 Bc6 26. g3 Rf5 27. Bg2 Qf7 28. Rde2 Re8 29. Rxe8 Bxe8 30. a5 bxa5 31. Qd2 Bc6 32. Qd4+ Rf6 33. h4 Qd7 34. Bh3 Qc7 35.
Re6 1-0

[Event "*** SCC Grand Prix: Titled Tuesday Blitz"]
[Site "Chess.com"]
[Date "2020.07.07"]
[Round "3"]
[White "SergeyKarjakin"]
[Black "Ginger_GM"]
[Result "1-0"]
[WhiteElo "2964"]
[BlackElo "2671"]
[TimeControl "180+1"]
[EndTime "10:28:25 PDT"]
[Termination "SergeyKarjakin won by resignation"]

1. e4 c5 2. Nf3 d6 3. d4 cxd4 4. Nxd4 Nf6 5. Nc3 g6 6. Be3 a6 7. f3 b5 8. Qd2 Bb7 9. a4 e5 10. Nb3 b4 11. Na2 d5 12. exd5 Nxd5 13. O-O-O Nd7 14.
Bc4 Nxe3 15. Qxe3 Qh4 16. Bxf7+ Kxf7 17. Rxd7+ Ke8 18. Qd3 Bc6 19. Rd1 Be7 20. Rc7 Rd8 21.
Qe2 Qg5+ 22. Kb1 Bd5 23. Nac1 Kf7 24. Nd3 Bxb3 25. cxb3 Kg7 26. Ka2 Rhe8 27. Nc5 Qf6 28. Rxd8 Rxd8 29. Qc4 Kh8 30. Ne4 Qf8 31. Qxa6 Bf6 32.
Qxf6+ 1-0

[Event "*** SCC Grand Prix: Titled Tuesday Blitz"]
[Site "Chess.com"]
[Date "2020.07.07"]
[Round "3"]
[White "Smile2005"]
[Black "Na_binci"]
[Result "1-0"]
[WhiteElo "2481"]
[BlackElo "2157"]
[TimeControl "180+1"]
[EndTime "10:28:25 PDT"]
[Termination "Smile2005 won on time"]

1. b3 Nf6 2. Bb2 g6 3. Bxf6 exf6 4. e3 Bg7 5. d4 O-O 6. c4 d5 7.
Nc3 c6 8. cxd5 cxd5 9. Nge2 Nc6 10. g3 f5 11. Bg2 Be6 12. O-O Qd7 13. Nf4 Ne7 14. Na4 b6 15. Rc1 Rac8 16. Qd2 g5 17. Nd3 Ng6 18. Nc3 f4 19. exf4 gxf4 20. Nxf4 Nxf4 21.
Qxf4 Rc7 22. Qg5 h6 23. Qe3 Rfc8 24. Ne2 Rxc1 25. Rxc1 Rxc1+ 26. Qxc1 Qb5 27. Nf4 Bxd4 28. Nxe6 fxe6 29. Qxh6 Kf7 30. Qf4+ Bf6 31. g4 Ke7 32. g5 Bc3 33. Qc7+ Qd7 34. Qxc3 1-0

[Event "*** SCC Grand Prix: Titled Tuesday Blitz"]
[Site "Chess.com"]
[Date "2020.07.07"]
[Round "3"]
[White "DivyaDeshmukh23"]
[Black "fridaywins"]
[Result "1-0"]
[WhiteElo "2516"]
[BlackElo "2285"]
[TimeControl "180+1"]
[EndTime "10:28:26 PDT"]
[Termination "DivyaDeshmukh23 won by resignation"]

1. e4 e5 2. Nc3 Nf6 3. Bc4 Bb4 4. d3 c6 5. Bg5 h6 6. Bh4 d6 7.
Ne2 Be6 8. a3 Ba5 9. O-O O-O 10.
Kh1 g5 11. Bg3 Nh5 12. Ng1 Nf4 13. Bxf4 gxf4 14. Qh5 Qg5 15. Qxg5+ hxg5 16. Bxe6 fxe6 17.
Nf3 g4 18. Ng5 Rf6 19. h4 gxh3 20. gxh3 Nd7 21. Rg1 Kh8 22. Rg4 Bb6 23. Kg2 Rg8 24.
Kf3 Rh6 25. Rag1 Rf8 26. Ne2 Nf6 27. R4g2 Nh7 28. Nf7+ 1-0

[Event "*** SCC Grand Prix: Titled Tuesday Blitz"]
[Site "Chess.com"]
[Date "2020.07.07"]
[Round "3"]
[White "aNaartjieZA"]
[Black "Shield12"]
[Result "0-1"]
[WhiteElo "2541"]
[BlackElo "2831"]
[TimeControl "180+1"]
[EndTime "10:28:28 PDT"]
[Termination "Shield12 won by resignation"]

1. e4 c5 2. Nf3 Nc6 3. g3 Nf6 4.
d3 d5 5. Nbd2 g6 6. Bg2 Bg7 7.
O-O O-O 8. Re1 b6 9. exd5 Nxd5 10. a4 Bb7 11. Nc4 Qc7 12. c3 Rad8 13. Qe2 e6 14. h4 h6 15. Bd2 Nf6 16. Rad1 Rfe8 17.
Bf4 Qe7 18. Nfe5 Nxe5 19. Bxe5 Bxg2 20. Kxg2 Qd7 21. b3 Nd5 22. Bxg7 Kxg7 23. h5 g5 24. Qe5+ f6 25. Qe4 Qf7 26. Rc1 Qxh5 27. a5 b5 28. Ne3 Qg6 29. Qxg6+ Kxg6 30. Nd1 Nc7 31. Nb2 Rd6 32. c4 b4 33. Re3 e5 34. Na4 Ne6 35.
Nb2 h5 36. Ra1 Red8 37. a6 Rb6 38. Ra5 Rdd6 39. Na4 Rxa6 40. Rb5 Rac6 41. Rb8 Rd7 42. Rg8+ Kh7 43. Re8 Nd4 44. f4 gxf4 45. gxf4 Rg7+ 46. Kf2 exf4 47. Rh3 Rg5 48. Re7+ Kg6 49. Rxa7 f3 50.
Ra8 Re6 51. Rg8+ Kf5 52. Rh8 Re2+ 53. Kf1 Kg4 54. Rh1 f2 55. Rh2 Kf3 56. Rh3+ Rg3 57. Rxg3+ Kxg3 58. Rg8+ Kf3 0-1

[Event "*** SCC Grand Prix: Titled Tuesday Blitz"]
[Site "Chess.com"]
[Date "2020.07.07"]
[Round "3"]
[White "InitiatingASC"]
[Black "secretsuperstar7"]
[Result "1-0"]
[WhiteElo "2326"]
[BlackElo "2112"]
[TimeControl "180+1"]
[EndTime "10:28:29 PDT"]
[Termination "InitiatingASC won by checkmate"]

1. Nf3 d5 2. b3 Nf6 3. Bb2 e6 4. e3 c5 5. c4 Nc6 6. cxd5 exd5 7. Be2 d4 8. exd4 cxd4 9. Bb5 Bc5 10. O-O O-O 11. d3 Bg4 12. Bxc6 bxc6 13. Nbd2 Rc8 14. Qc2 Bb6 15. Ne5 Bf5 16. Ndc4 Bc7 17. Rfe1 Bb8 18. Qe2 Re8 19. Qf3 Bd7 20. Bxd4 c5 21. Bb2 Be6 22. Rad1 Bd5 23. Qg3 Nh5 24. Qg4 Nf6 25.
Qg5 h6 26. Qh4 Qc7 27. Re3 Rcd8 28. Rde1 Be6 29. Rg3 Kf8 30. Rxg7 Kxg7 31. Ng4 Bxg4 32. Qxf6+ Kf8 33. Qg7# 1-0

[Event "*** SCC Grand Prix: Titled Tuesday Blitz"]
[Site "Chess.com"]
[Date "2020.07.07"]
[Round "3"]
[White "pavelalexandru07"]
[Black "ChessSwole"]
[Result "0-1"]
[WhiteElo "2163"]
[BlackElo "2413"]
[TimeControl "180+1"]
[EndTime "10:28:30 PDT"]
[Termination "ChessSwole won by resignation"]

1. e4 c5 2. Nf3 e6 3. d4 cxd4 4. Nxd4 a6 5. c4 Qc7 6. Nc3 Nf6 7. a3 b6 8. Be3 Bb7 9. f3 Nc6 10. Be2 Nxd4 11. Bxd4 Bd6 12. Bg1 O-O 13. Qd2 Rac8 14. g3 Rfd8 15. Rd1 Be5 16. Qe3 d5 17. Qxb6 dxe4 18.
Qxc7 Rxd1+ 19. Nxd1 Rxc7 20. f4 e3 21. fxe5 Nd7 22.
Bxe3 Bxh1 23. Bd4 f6 24. exf6 gxf6 25. b4 Kf7 26. Ne3 Be4 27. Bh5+ Ke7 28. c5 a5 29. Nc4 axb4 30. axb4 Ra7 31. c6 Rc7 32.
cxd7 Rxc4 33. Bc5+ Kxd7 34. Be2 Rc2 35. Kd1 e5 36. h4 Ke6 37. Bf3 Rxc5 38. bxc5 Bxf3+ 39. Kd2 Kd5 40. Ke3 e4 41. Kf4 Kxc5 42. Kf5 e3 0-1

[Event "*** SCC Grand Prix: Titled Tuesday Blitz"]
[Site "Chess.com"]
[Date "2020.07.07"]
[Round "3"]
[White "Andrei_Belozerov"]
[Black "Gerodot71"]
[Result "1-0"]
[WhiteElo "2574"]
[BlackElo "2375"]
[TimeControl "180+1"]
[EndTime "10:28:32 PDT"]
[Termination "Andrei_Belozerov won by checkmate"]

1. e4 e5 2. Nf3 Nc6 3. Bb5 a6 4. Ba4 Nf6 5. O-O Be7 6. Re1 b5 7. Bb3 d6 8. c3 O-O 9. h3 Nb8 10.
d4 Nbd7 11. Nbd2 Bb7 12. Bc2 Re8 13. Nf1 Bf8 14. Ng3 g6 15. a4 Nb6 16. Bg5 Bg7 17. a5 Nbd7 18. Qd2 c5 19. b4 cxb4 20.
cxb4 Rc8 21. d5 Qc7 22. Rac1 Kh8 23. Bd3 Qb8 24. Nh2 Ng8 25. Ng4 f6 26. Be3 h5 27.
Nh2 Kh7 28. Nf3 Bh6 29. Nh4 Nf8 30. Qe2 Bxe3 31. fxe3 Rxc1 32. Rxc1 Rc8 33. Rf1 Qc7 34. Nxg6 Qf7 35. Qxh5+ Kg7 36. Nf5# 1-0

[Event "*** SCC Grand Prix: Titled Tuesday Blitz"]
[Site "Chess.com"]
[Date "2020.07.07"]
[Round "3"]
[White "Budisavljevic"]
[Black "Sofiia_Hryzlova"]
[Result "1-0"]
[WhiteElo "2394"]
[BlackElo "2140"]
[TimeControl "180+1"]
[EndTime "10:28:32 PDT"]
[Termination "Budisavljevic won by resignation"]

1. d4 Nf6 2. Nf3 e6 3. Bf4 c5 4. e3 h6 5. Nbd2 Nh5 6. dxc5 Nxf4 7. exf4 Bxc5 8. Ne4 Qa5+ 9. c3 d5 10. b4 Bxb4 11.
cxb4 Qxb4+ 12. Ned2 Nc6 13. g3 d4 14. Bg2 O-O 15.
O-O Rd8 16. Qb3 Qe7 17. Nc4 g5 18. fxg5 hxg5 19. Rfe1 a5 20. Rad1 a4 21. Qd3 f5 22.
Nce5 g4 23. Nxc6 bxc6 24. Nxd4 Qf6 25. Qe3 Ra5 26. Nxc6 Rxd1 27. Rxd1 Rb5 28. Qd3 Kh7 29. Qxb5 Kg6 30. Qc5 1-0

[Event "*** SCC Grand Prix: Titled Tuesday Blitz"]
[Site "Chess.com"]
[Date "2020.07.07"]
[Round "3"]
[White "stolencandy13"]
[Black "boasovietica"]
[Result "1/2-1/2"]
[WhiteElo "2351"]
[BlackElo "2452"]
[TimeControl "180+1"]
[EndTime "10:28:33 PDT"]
[Termination "Game drawn by repetition"]

1. e4 e5 2. Nf3 Nc6 3. Nc3 Nf6 4.
d4 exd4 5. Nxd4 Bb4 6. Nxc6 bxc6 7. Bd3 d5 8. exd5 O-O 9. O-O cxd5 10. h3 c6 11. Qf3 Bd6 12. Bf4 Rb8 13. b3 Re8 14. Ne2 Qc7 15. Rad1 Bd7 16. c4 Bxf4 17. Nxf4 dxc4 18.
Bxc4 c5 19. Nh5 Rb6 20. Rfe1 Rxe1+ 21. Rxe1 h6 22. Bd3 Nxh5 23. Qxh5 Re6 24. Rxe6 Bxe6 25. Qf3 Qd7 26. Qa8+ Qc8 27. Qe4 g6 28. h4 Qd7 29. g3 Bf5 30. Qa8+ Kg7 31. Bxf5 Qxf5 32. Qxa7 Qb1+ 33. Kh2 Qc2 34. Kg1 Qd1+ 35. Kh2 Qd4 36. Kg2 Qe4+ 37. Kf1 Qh1+ 38. Ke2 Qe4+ 39. Kd2 Qd4+ 40.
Ke1 Qe4+ 41. Kf1 Qh1+ 42. Ke2 Qe4+ 43. Kd2 Qd4+ 44. Kc1 Qc3+ 45. Kb1 Qd3+ 46. Kb2 Qd2+ 47. Ka3 Qb4+ 48. Kb2 Qd2+ 49. Kb1 Qd1+ 50. Kb2 Qd2+ 1/2-1/2

[Event "*** SCC Grand Prix: Titled Tuesday Blitz"]
[Site "Chess.com"]
[Date "2020.07.07"]
[Round "3"]
[White "queen_iryna"]
[Black "bratkoo"]
[Result "0-1"]
[WhiteElo "2255"]
[BlackElo "2450"]
[TimeControl "180+1"]
[EndTime "10:28:33 PDT"]
[Termination "bratkoo won by resignation"]

1. d4 e6 2. Nc3 d5 3. e4 Bb4 4. e5 c5 5. a3 Bxc3+ 6. bxc3 Ne7 7. Qg4 Qc7 8. Bd2 O-O 9. Bd3 Nbc6 10. Nf3 f5 11. Qg3 b6 12. Bh6 Ng6 13. Bd2 c4 14.
Be2 f4 15. Qh3 Ncxe5 16. dxe5 Nxe5 17. O-O Nf7 18. Qh4 e5 19. Ng5 Bf5 20. Nxf7 Qxf7 21. Bg4 Bxc2 22. Rfe1 Rae8 23. Qh3 h6 24. Bh5 Bg6 25.
Bxg6 Qxg6 26. Qf3 e4 27. Qh3 Rf7 28. a4 Re5 29. a5 b5 30. a6 Rh5 31. Qc8+ Kh7 32.
Qb8 e3 33. fxe3 f3 34. Qg3 f2+ 35. Kh1 Qxg3 0-1